 Dungeon Crawl Stone Soup version 0.29.1-12-g30fa7ad0bf (webtiles) character file.

Game seed: 4870191171825139788

11638 cheesebisquit the Grappler (level 11, -10/169 HPs)
             Began as a Troll Berserker on Jan 17, 2023.
             Was a Priest of Trog.
             Mangled by a harpy simulacrum (15 damage)
             ... in an ice cave.
             The game lasted 00:34:18 (9467 turns).

cheesebisquit the Grappler (Troll Berserker)        Turns: 9467, Time: 00:34:18

Health: -10/169    AC:  7    Str: 37    XL:     11   Next: 51%
Magic:  10/10      EV: 10    Int:  3    God:    Trog [***...]
Gold:   177        SH:  0    Dex:  9    Spells: 10/10 levels left

rFire   . . .      SeeInvis .     - Unarmed
rCold   . . .      Faith    .   (no shield)
rNeg    . . .      Spirit   .   a - +0 animal skin
rPois   .          Reflect  .   (helmet restricted)
rElec   .          Harm     .   t - +2 cloak
rCorr   .          Rampage  .   (gloves unavailable)
Will    +++..                   (boots unavailable)
Stlth   ..........              y - amulet of the acrobat
HPRegen 2.18/turn               p - +6 ring of strength
MPRegen 0.12/turn               J - ring of willpower

@: berserking, strong-willed, regenerating, very quick
A: large, unfitting armour, claws 3, regeneration 1, shaggy fur 1, tough skin 1
a: Renounce Religion, Berserk, Trog's Hand


You were in an ice cave.
You worshipped Trog.
Trog was most pleased with you.
You visited 1 branch of the dungeon, and saw 12 of its levels.
You visited the Abyss 1 time.
You also visited: Ice Cave.

You collected 858 gold pieces.
You spent 681 gold pieces at shops.

Inventory:

Missiles
 B - 8 poisoned darts (quivered)
 L - 6 silver javelins
 S - 12 stones
 T - 4 boomerangs
Armour
 a - a +0 animal skin (worn)
 t - a +2 cloak (worn)
 F - the +0 cloak "Xuk Sacwu" {Harm rC++ Str-5 SInv}
   (You bought it in a shop on level 5 of the Dungeon)

   Str:       It affects your strength (-5).
   rC:        It greatly protects you from cold.
   SInv:      It lets you see invisible.
   Harm:      It increases damage dealt and taken.
Jewellery
 d - an amulet of reflection
 p - a +6 ring of strength (left claw)
 y - an amulet of the acrobat (around neck)
 J - a ring of willpower (right claw)
 K - a ring of protection from fire
 Q - a ring of poison resistance
Wands
 k - a wand of digging (8)
 r - a wand of polymorph (16)
 w - a wand of mindburst (17)
 C - a wand of roots (6)
 E - a wand of charming (4)
 O - a wand of quicksilver (5)
Scrolls
 e - 2 scrolls of silence
 f - 2 scrolls of vulnerability
 h - a scroll of immolation
 i - 4 scrolls of butterflies
 j - a scroll of enchant weapon
 m - 8 scrolls of teleportation
 u - 2 scrolls of poison
 v - 2 scrolls of brand weapon
 x - 4 scrolls of magic mapping
 D - a scroll of torment
 G - a scroll of enchant armour
 I - a scroll of fear
 P - a scroll of summoning {unknown}
 R - a scroll of amnesia {unknown}
Potions
 b - 5 potions of lignification
 c - 2 potions of flight
 g - 2 potions of ambrosia
 l - a potion of experience
 n - 4 potions of heal wounds
 o - 3 potions of might
 q - 2 potions of haste
 s - a potion of attraction
 z - a potion of brilliance {unknown}
 A - 5 potions of curing
 H - 2 potions of mutation
 M - 2 potions of berserk rage
 N - a potion of magic {unknown}
 U - a potion of resistance {unknown}


   Skills:
 * Level 8.8 Fighting
 + Level 6.3 Throwing
 - Level 2.4 Dodging
 + Level 14.0 Unarmed Combat


You had 10 spell levels left.
You didn't know any spells.
Your spell library was empty.

Dungeon Overview and Level Annotations

Branches:
Dungeon (12/15)            Temple (0/1) D:5            Lair (0/5) D:9
  IceCv (1/1)
    Orc: D:9-12

Altars:
Ashenzari
Trog
Zin

Shops:
D:5 [   D:11 [*(=

Annotations:
D:6 1 runed translucent door, croobank's ghost, novice DsCj
D:7 Prince Ribbit
D:9 2 transporters, Anandil's ghost, novice DrTm


Innate Abilities, Weirdness & Mutations

You are too large for most types of armour.
You have claws for hands.
Your natural rate of healing is unusually fast.
You are covered in fur. (AC +1)
You have tough skin. (AC +1)


Message History

HP restored.
You recover from your berserk rage.
A harpy simulacrum comes into view.
A harpy simulacrum comes into view.
The harpy simulacrum completely misses you.
The harpy simulacrum barely misses you.
The harpy simulacrum claws you but does no damage.
The harpy simulacrum misses you.
You mangle the harpy simulacrum!!
The harpy simulacrum is almost destroyed.
The harpy simulacrum claws you! The harpy simulacrum freezes you!
The harpy simulacrum closely misses you.
You scratch the harpy simulacrum.
The harpy simulacrum vaporises!
Trog accepts your kill. The harpy simulacrum claws you!
The harpy simulacrum freezes you!! The harpy simulacrum claws you.
The harpy simulacrum freezes you! The harpy simulacrum barely misses you.
The harpy simulacrum misses you.
Your skin crawls.
You feel strong-willed. The harpy simulacrum claws you.
The harpy simulacrum freezes you! The harpy simulacrum barely misses you.
The harpy simulacrum claws you but does no damage.
The harpy simulacrum barely misses you.
You claw the harpy simulacrum!
The harpy simulacrum is heavily damaged.
The harpy simulacrum claws you but does no damage.
The harpy simulacrum claws you. The harpy simulacrum freezes you!
* * * LOW HITPOINT WARNING * * *
The harpy simulacrum claws you.
* * * LOW HITPOINT WARNING * * *
The harpy simulacrum freezes you!
* * * LOW HITPOINT WARNING * * *
The harpy simulacrum claws you but does no damage.
A red film seems to cover your vision as you go berserk!
You feel yourself moving faster!
You feel mighty! The harpy simulacrum barely misses you.
The harpy simulacrum claws you.
* * * LOW HITPOINT WARNING * * *
The harpy simulacrum freezes you!
You die...

## #### .##..
###..## .....#
###..#... #..⌠..#
#..#####.
#....Z##########..#
##
#.○@##...##...#.#
###...##...######
##########


You could see a harpy simulacrum.

Vanquished Creatures
  2 two-headed ogres
  A wizard (D:9)
  2 cyclopes (D:11)
  A manticore (D:11)
  A gargoyle (D:11)
  2 unseen horrors
  2 ice devils (D:12)
  A freezing wraith (D:11)
  A troll (D:11)
  A hornet (D:8)
  A vampire (D:9)
  Sigmund (D:5)
  2 shadows (D:11)
  4 yaks (D:11)
  A wraith (D:10)
  A steam dragon (D:8)
  3 vampire mosquitoes (D:10)
  Menkaure (D:7)
  A harpy simulacrum (IceCv)
  A death yak simulacrum (IceCv)
  4 water moccasins
  4 orc warriors
  A black bear (D:7)
  2 sky beasts (D:7)
  2 ice beasts
  3 centaurs
  2 ogres
  2 kobold brigands
  2 bullfrogs (D:8)
  A necrophage (D:6)
  4 scorpions
  A cane toad simulacrum (IceCv)
  A gnoll sergeant (D:10)
  3 two-headed ogre simulacra (IceCv)
  8 wights
  10 killer bees
  2 howler monkeys
  Crazy Yiuf (D:3)
  A gnoll bouda (D:4)
  A jelly (D:4)
  3 hounds
  7 orc priests
  An iguana (D:5)
  8 orc wizards
  A troll simulacrum (IceCv)
  6 gnolls
  6 adders
  2 naga simulacra (IceCv)
  2 shadow imps
  3 ufetubi (IceCv)
  4 worms
  2 dart slugs
  49 orcs
  15 ball pythons
  An endoplasm (D:2)
  4 giant cockroaches
  11 goblins
  8 hobgoblins
  3 jackals (D:1)
  5 quokkas
  4 bats
  4 frilled lizards
  14 kobolds
  10 rats
258 creatures vanquished.

Vanquished Creatures (others)
  A wizard (D:11)
1 creature vanquished.

Grand Total: 259 creatures vanquished

Notes
Turn   | Place    | Note
-------+----------+-------------------------------------------
     0 | D:1      | cheesebisquit the Troll Berserker began the quest for the
                  | Orb.
     0 | D:1      | Reached XP level 1. HP: 22/22 MP: 0/0
   176 | D:1      | Reached XP level 2. HP: 29/29 MP: 1/1
   211 | D:1      | Reached skill level 4 in Unarmed Combat
   249 | D:1      | Reached ** piety under Trog
   330 | D:1      | Reached XP level 3. HP: 33/36 MP: 2/2
   818 | D:2      | Reached XP level 4. HP: 43/44 MP: 3/3
   824 | D:2      | Found a glowing silver altar of Zin.
   889 | D:2      | Reached skill level 5 in Unarmed Combat
  1347 | D:3      | Reached XP level 5. HP: 32/50 MP: 4/4
  1363 | D:3      | Reached *** piety under Trog
  1464 | D:3      | Identified the +0 scale mail of Hepliaklqana {rF++}
  1537 | D:3      | Reached skill level 6 in Unarmed Combat
  2089 | D:3      | Found a runed translucent door.
  2090 | D:3      | Noticed Crazy Yiuf
  2102 | D:3      | Killed Crazy Yiuf
  2470 | D:4      | Reached XP level 6. HP: 39/59 MP: 5/5
  2611 | D:4      | Reached skill level 7 in Unarmed Combat
  2716 | D:4      | Reached skill level 8 in Unarmed Combat
  2716 | D:4      | Reached XP level 7. HP: 58/66 MP: 6/6
  3171 | D:5      | Entered Level 5 of the Dungeon
  3367 | D:5      | Found a staircase to the Ecumenical Temple.
  3510 | D:5      | Noticed Sigmund
  3516 | D:5      | Killed Sigmund
  3517 | D:5      | Reached skill level 9 in Unarmed Combat
  3767 | D:5      | Reached XP level 8. HP: 74/74 MP: 7/7
  3815 | D:5      | Found Awaqud's Antique Armour Boutique.
  3818 | D:5      | Bought a polished cloak for 275 gold pieces
  3818 | D:5      | Identified the +0 cloak "Xuk Sacwu" {Harm rC++ Str-5 SInv}
                  | (You bought it in a shop on level 5 of the Dungeon)
  3996 | D:6      | Found a runed translucent door.
  3999 | D:6      | Noticed croobank's ghost (novice DsCj)
  4058 | D:6      | Reached skill level 10 in Unarmed Combat
  4316 | D:6      | Found a broken altar of Ashenzari.
  4320 | D:6      | Saw a vision of the Shoals and the Spider Nest.
  4320 | D:6      | Noticed a merfolk impaler
  4320 | D:6      | Noticed a jumping spider
  4320 | D:6      | Noticed an emperor scorpion
  4320 | D:6      | Noticed a water nymph
  4320 | D:6      | Noticed a radroach
  4320 | D:6      | Noticed a steelbarb worm
  4320 | D:6      | Noticed a snapping turtle
  4320 | D:6      | Noticed a merfolk
  4321 | D:6      | Noticed an alligator snapping turtle
  4321 | D:6      | Noticed a harpy
  4322 | D:6      | Noticed a jumping spider
  4322 | D:6      | Noticed an emperor scorpion
  4323 | D:6      | Noticed a jumping spider
  4323 | D:6      | Noticed a wolf spider
  4325 | D:6      | Noticed a pharaoh ant
  4325 | D:6      | Noticed a boulder beetle
  4513 | D:7      | Reached skill level 11 in Unarmed Combat
  4725 | D:7      | Noticed Prince Ribbit
  4729 | D:7      | Noticed Menkaure
  4736 | D:7      | Killed Menkaure
  4737 | D:7      | Reached skill level 12 in Unarmed Combat
  4768 | D:7      | Reached XP level 9. HP: 80/80 MP: 8/8
  5258 | D:8      | Reached **** piety under Trog
  5288 | D:8      | Reached skill level 1 in Throwing
  5400 | D:8      | Found a bloodstained altar of Trog.
  5668 | D:8      | Noticed a two-headed ogre
  5675 | D:8      | Killed a two-headed ogre
  5710 | D:8      | Reached skill level 5 in Fighting
  5973 | D:8      | Paralysed by a hornet for 3 turns
  5978 | D:8      | Reached XP level 10. HP: 58/96 MP: 9/9
  6205 | D:9      | Found a transporter.
  6210 | D:9      | Found a transporter.
  6213 | D:9      | Noticed Anandil's ghost (novice DrTm)
  6319 | D:9      | Reached skill level 13 in Unarmed Combat
  6486 | D:9      | Noticed a wizard
  6495 | Abyss:2  | Cast into level 2 of the Abyss (a wizard)
  6507 | D:9      | Escaped the Abyss
  6511 | D:9      | Killed a wizard
  6520 | D:9      | Found a staircase to the Lair.
  6935 | D:10     | Entered Level 10 of the Dungeon
  7252 | D:10     | Noticed a deep elf pyromancer
  7479 | D:10     | Noticed a two-headed ogre
  7489 | D:10     | Killed a two-headed ogre
  7490 | D:10     | Reached skill level 5 in Throwing
  7868 | D:11     | Found Zisapt's Assorted Antiques.
  7875 | D:11     | Bought a potion of heal wounds for 185 gold pieces
  7875 | D:11     | Bought a steel ring for 185 gold pieces
  7887 | D:11     | Noticed a manticore
  7896 | D:11     | Killed a manticore
  7935 | D:11     | Noticed a gargoyle
  7946 | D:11     | Killed a gargoyle
  7947 | D:11     | Reached XP level 11. HP: 98/109 MP: 10/10
  8089 | D:11     | Found Onkenesi's Antique Armour Shoppe.
  8443 | D:11     | Found Tydasomm's Weapon Emporium.
  8459 | D:11     | Bought 3 stones for 4 gold pieces
  8459 | D:11     | Bought 4 boomerangs for 32 gold pieces
  8489 | D:11     | Found Fang's Jewellery Shop.
  8643 | D:11     | Noticed a wizard
  8664 | D:11     | Killed a wizard
  9048 | D:12     | Found a frozen archway.
  9056 | D:12     | Reached skill level 14 in Unarmed Combat
  9124 | IceCv    | Entered an ice cave
  9466 | IceCv    | HP: 5/113 [harpy simulacrum (16)]
  9467 | IceCv    | Mangled by a harpy simulacrum

Illustrated notes

Levels and vault maps discovered:
D:1:      kennysheep_arrival_seaside, layout_basic, minmay_heptomino_h4
D:2:      layout_basic, basic_altar, grunt_decor_mini_mirrors,
          hangedman_decor_riveting, minmay_tripent
D:3:      minmay_skewed_foursquare, layout_basic, uniq_crazy_yiuf_cottage
D:4:      layout_basic, minmay_misc_feat_square, minmay_starry_boxes
D:5:      layout_gridville, minmay_temple_entry_ruins, serial_shops,
          nicolae_shop_stone, kennysheep_another_room, uniq_sigmund
D:6:      layout_rooms, grunt_ashenzari_visionary
          [grunt_ashenzari_visionary_shoals, grunt_ashenzari_visionary_spider],
          hellmonk_ghost_happy_afterlife
D:7:      layout_basic, uniq_prince_ribbit1, uniq_menkaure
D:8:      layout_rooms, mainiacjoe_overflow_boulevard,
          hangedman_decor_clover_reticule, minmay_misc_feat_four_crosses,
          roderic_lattice_a
D:9:      layout_gridville, lair_entry_dummy, gammafunk_ghost_hive
D:10:     layout_long_grid, onia_ninara_dug_in_and_dangerous
D:11:     layout_cave_pods, serial_column_ruins, column_ruins_hut,
          column_ruins_hut, column_ruins_columns_corner,
          column_ruins_open_small_water, column_ruins_columns_straight,
          serial_shops, nicolae_shop_hallway_stairs,
          nicolae_shop_window_shopping, nicolae_shop_bloodbath_and_beyond, shop
D:12:     layout_layer_cave, david_orc_5, portal_ice_cave_demonic_guard,
          nrook_campfire, minmay_misc_feat_alley
IceCv:    ice_cave_caverns_01

Skill      XL: |  1  2  3  4  5  6  7  8  9 10 11 |
---------------+----------------------------------+-----
Unarmed Combat | 4 5 6 8 9 12 13 14 | 14.0
Fighting       | 5 7 8 |  8.8
Throwing       | 3 5 6 |  6.3
Dodging        | |  2.4

Action                   |  1- 3 |  4- 6 |  7- 9 | 10-12 || total
-------------------------+-------+-------+-------+-------++-------
Melee: Unarmed           |   105 |   126 |   212 |   212 ||   655
       Punch             |       |       |     8 |     9 ||    17
Throw: Throwing net      |       |       |     2 |       ||     2
       Stone             |       |       |    40 |       ||    40
       Dart              |       |       |     6 |    29 ||    35
Invok: Trog's Hand       |       |     1 |     8 |    15 ||    24
       Berserk           |       |     1 |     7 |    15 ||    23
  Use: Scroll            |       |     3 |    14 |     8 ||    25
 Stab: Sleeping          |     1 |       |       |       ||     1
Armor: Animal skin       |    36 |    17 |    63 |    73 ||   189
Dodge: Dodged            |    50 |    37 |   104 |   145 ||   336
Block: Other             |     4 |    20 |    38 |       ||    62
       Reflection        |       |       |     2 |       ||     2
